Map: Dusk Towers

Players

Kanzler - Winner!

  • Race: Protoss Protoss
  • League: Gold

lesha

  • Race: Terran Terran
  • League: Gold

VOD

Have the link to the VOD?

Description

Time

  • Played on: Jan. 11, 2016, 10:12 a.m.
  • Length: 9:54
Show
View Real Time Build Order
Export as new Build Order

Kanzler Protoss - Winner!

Build Orders: Double Forge 

Get SALT Encoding   

  12  0:01  Probe (Chrono Boost)  
  13  0:11  Probe (Chrono Boost)  
  14  0:19  Pylon  
  14  0:23  Probe (Chrono Boost)  
  15  0:37  Probe (Chrono Boost)  
  15  0:40  Gateway  
  16  0:46  Assimilator  
  16  0:57  Pylon  
  16  0:59  Probe (Chrono Boost)  
  17  1:05  Pylon  
  17  1:09  Probe (Chrono Boost)  
  18  1:18  Pylon  
  18  1:27  Probe (Chrono Boost)  
  19  1:37  Cybernetics Core  
  20  1:40  Probe (Chrono Boost)  
  20  1:45  Assimilator  
  20  1:50  Probe (Chrono Boost)  
  21  2:09  Nexus  
  21  2:16  Mothership Core (Chrono Boost)  
  21  2:18  Warp Gate (Chrono Boost)  
  23  2:27  Adept (Chrono Boost)  
  25  2:35  Probe  
  26  2:46  Gateway  
  26  3:03  Robotics Facility  
  26  3:04  Probe  
  27  3:18  Pylon  
  27  3:20  Probe  
  27  3:21  Assimilator  
  27  3:22  Probe  
  27  3:24  Pylon  
  29  3:39  Probe x2  
  31  3:46  Adept  
  31  3:47  Adept  
  35  3:59  Gateway  
  35  4:02  Probe, Gateway  
  36  4:11  Warp Prism (Chrono Boost)  
  38  4:27  Adept  
  40  4:32  Probe  
  40  4:34  Probe  
  42  4:43  Forge  
  42  4:45  Probe  
  42  4:46  Probe  
  42  4:47  Forge  
  42  4:52  Assimilator  
  44  4:57  Observer (Chrono Boost)  
  44  4:59  Probe  
  45  5:01  Probe  
  47  5:10  Probe  
  47  5:11  Robotics Bay  
  47  5:13  Probe  
  49  5:16  Stalker  
  51  5:25  Probe  
  51  5:27  Probe  
  53  5:33  Pylon  
  53  5:35  Pylon  
  53  5:40  Zealot x3  
  53  5:41  Zealot  
  51  6:04  Adept x4  
  51  6:07  Disruptor (Chrono Boost)  
  62  6:12  Robotics Facility  
  62  6:30  Stalker x3  
  62  6:31  Stalker  
  70  6:38  Disruptor (Chrono Boost)  
  73  6:53  Protoss Ground Armor Level 1 (Chrono Boost)  
  73  6:55  Protoss Ground Weapons Level 1 (Chrono Boost)  
  73  7:01  Probe x2  
  73  7:05  Disruptor  
  73  7:08  Adept x3  
  84  7:13  Probe x2  
  86  7:19  Twilight Council, Disruptor  
  89  7:25  Probe  
  89  7:26  Probe  
  91  7:42  Pylon  
  91  7:45  Pylon  
  91  7:48  Pylon  
  90  8:34  Colossus x2  
  100  8:47  Zealot x3  
  100  8:48  Zealot  
  106  8:57  Gateway x2  
  106  8:59  Gateway  
  106  9:00  Gateway  
  106  9:03  Gateway  
  96  9:23  Stalker  
  96  9:24  Stalker x3  
Show
View Real Time Build Order
Export as new Build Order

lesha Terran 

Build Orders: Reaper Expand, MMM Bio 

Get SALT Encoding   

  12  0:01  SCV  
  13  0:13  SCV  
  14  0:19  Supply Depot  
  14  0:26  SCV  
  15  0:41  SCV  
  15  0:42  Barracks  
  16  0:48  Refinery  
  16  0:53  SCV  
  17  1:05  SCV  
  18  1:17  SCV  
  19  1:29  Orbital Command  
  19  1:34  Reaper  
  20  1:42  Command Center  
  20  1:56  SCV  
  20  1:57  Supply Depot  
  20  2:00  Refinery  
  21  2:08  SCV  
  22  2:17  Barracks Reactor  
  22  2:19  Bunker  
  22  2:20  SCV  
  23  2:32  SCV, Factory  
  24  2:44  SCV  
  24  2:57  Orbital Command  
  24  3:00  SCV  
  24  3:02  Marine x2  
  27  3:09  Barracks  
  27  3:11  Barracks  
  27  3:12  SCV  
  28  3:29  Marine  
  28  3:30  Marine  
  28  3:31  SCV x2  
  32  3:42  Factory Tech Lab  
  32  3:43  SCV x2  
  32  3:47  Marine x2  
  36  3:51  Supply Depot  
  36  3:53  Supply Depot  
  36  3:57  SCV x2  
  36  3:59  Barracks Tech Lab x2  
  38  4:06  Engineering Bay  
  38  4:09  SCV x2, Marine  
  40  4:10  Marine  
  40  4:12  Siege Tank  
  45  4:21  SCV x2, Marauder x2  
  51  4:29  Combat Shields, Stimpack  
  51  4:31  Marine x2  
  51  4:37  SCV x2  
  55  4:42  Refinery  
  55  4:44  Terran Infantry Weapons Level 1, Refinery  
  55  4:47  Marauder  
  55  4:48  Marauder  
  55  4:52  Marine x2  
  61  5:02  Supply Depot  
  61  5:05  Supply Depot, SCV  
  62  5:09  SCV, Siege Tank  
  62  5:10  Marauder x2  
  70  5:23  Marine x2  
  70  5:24  SCV x2, Supply Depot  
  74  5:33  Starport  
  74  5:35  Marauder x2  
  78  5:36  SCV  
  78  6:13  Missile Turret x2  
  78  6:18  Missile Turret  
  78  6:19  Missile Turret  
  78  6:21  Missile Turret x2  
  76  6:30  Marine x3  
  76  6:31  Marauder  
  81  6:35  Starport Reactor  
  81  6:43  Barracks  
  81  6:45  Supply Depot  
  81  6:47  Supply Depot  
  81  6:48  Marauder  
  81  6:50  SCV x2  
  81  6:52  Marauder  
  87  6:56  Refinery, Marine x2  
  89  7:02  SCV  
  89  7:03  SCV  
  89  7:05  Siege Tank  
  94  7:09  Marine  
  94  7:13  Marine  
  94  7:14  Medivac  
  94  7:15  Medivac  
  100  7:21  SCV x2  
  102  7:30  Supply Depot  
  102  7:31  Supply Depot  
  102  7:37  SCV x2, Marine  
  103  7:38  Marine x2  
  103  7:39  Marauder  
  109  7:52  Medivac  
  109  7:56  Marauder  
  95  8:04  Marine x2  
  94  8:12  Marine  
  95  8:17  Marine  
  95  8:19  Barracks  
  91  8:21  Barracks  
  91  8:22  Command Center  
  91  8:24  Barracks  
  91  8:28  Marine x2  
  91  8:29  Barracks Tech Lab  
  91  8:30  Medivac x2  
  91  8:31  Siege Tank  
  91  8:34  Marauder  
  102  8:48  SCV x2  
  104  8:52  Marine  
  104  8:53  Marine  
  104  8:54  Marauder x2  
  104  8:55  Marauder  
  112  9:03  Engineering Bay  
  112  9:10  SCV x2  
  112  9:11  Armory  
  112  9:15  Marauder  
  81  9:24  Marine x4  
  74  9:25  Marine  
  78  9:36  Barracks Tech Lab  
  78  9:37  Barracks Tech Lab  
Tags
 
Add a new tag
Caveats
  • Supply blocks, unpowered buildings, or Contaminate may cause inaccurate times.
  • Supply counts are checked every 10 seconds.